 BcadrenCrawl: Boulder Brew version 0.06-688-g08e91b2d95 (webtiles) character file.

Game seed: 9414465370311194519

4999 pipel the Thaumaturge (level 10, -9/86 HPs) Deep Elf Priest. Began on Jan 2, 2023. Was a High Priest of Vehumet. Mangled by a wyvern zombie (11 damage) ... on level 5 of the Dungeon. The game lasted 00:30:08 (7999 turns).

pipel the Thaumaturge (Deep Elf Priest)             Turns: 7999, Time: 00:30:09

Health: -9/86      AC:  3    Str:  7      XL:     10 ^: 3830
Magic:  31/39      EV: 13    Int: 24      God:    Vehumet [5* [147]]
Gold:   199        SH:  0    Dex: 12 (13) Spells: 29/38 levels left

rFire    . . .     Slash    x   a - +0 hunting sling
rCold    . . .     Pierce   .     - Unarmed
rNeg     . . .     Bludgeon .   f - +0 robe
rCorr    . . .     Vision   .   (no helmet)
rPois    .         Gourm    .   (no cloak)
rElec    .         Faith    .   (no gloves)
MR       ++...     Spirit   .   t - +0 pair of boots
HPRegen  0.38/turn Reflect  .   (no amulet)
MPRegen  0.49/turn Harm     .   l - ring of protection from magic
Stlth    ++........             p - ring of magical power

@: studying Maces & Staves
A: soft flesh
a: Renounce Religion


You were on level 5 of the Dungeon.
You worshipped Vehumet.
Vehumet was extremely pleased with you.
You were not hungry.

You visited 1 branch of the dungeon, and saw 5 of its levels.
You also visited: Temple.

You collected 199 gold pieces.

Inventory:

Weapons
 a - a +0 hunting sling (weapon)
 b - a +4 short sword of speed
Armour
 f - a +0 robe (worn)
 t - a +0 pair of boots (worn)
 K - the +2 leather armour of Anaesthesia {-Vis rCorr Stlth+}
   (You found it on level 5 of the Dungeon)

   It blurs your vision.
   It provides partial protection from all sources of acid and corrosion.
   It makes you more stealthy.
Magical Staves
 H - a -1 staff of air
Jewellery
 e - a cursed ring of dexterity {(Curse: -Vis)}
 l - a ring of protection from magic (left hand)
 p - a ring of magical power (right hand)
 s - an uncursed ring of wizardry
 u - a cursed ring of wizardry {(Curse: MR-)}
 w - an uncursed ring of strength
 x - an uncursed ring of intelligence
 A - a cursed amulet of the gourmand {(Curse: MR-)}
 B - an uncursed ring of wizardry
 D - an uncursed ring of resist corrosion
 E - an uncursed ring of strength
 F - a cursed ring of intelligence {(Curse: rF-)}
 G - a cursed amulet of reflection {(Curse: rC-)}
 J - a cursed ring of positive energy {(Curse: MR-)}
 L - an uncursed ring of poison resistance
 N - an uncursed amulet of regeneration
 O - an uncursed ring of wizardry
Wands
 n - a wand of polymorph (2)
 q - a wand of random effects (20)
 v - a wand of flame (7)
 C - a wand of disintegration (11)
Scrolls
 i - 2 scrolls of teleportation
 y - a scroll of blinking
 P - a scroll of fog
Potions
 d - 4 potions of berserk rage
 g - a potion of curing
 j - a potion of lignification
 k - 2 potions of amnesia
 m - a potion of cure mutation
 o - 2 potions of cancellation
 z - a potion of mutation
 I - a potion of haste
 M - a potion of beneficial mutation
Comestibles
 c - 7 chunks of flesh
 r - 14 rations


   Skills:
 + Level 1.8 Fighting
 + Level 3.2 Dodging
 - Level 2.4 Stealth
 - Level 2.4 Unarmed Combat
 + Level 14.9 Spellcasting
 + Level 2.7 Transmutations
 - Level 6.1 Fire Magic
 + Level 6.1 Poison Magic
   Level 4.0 Invocations


You had 29 spell levels left.
You knew the following spells:

 Your Spells              Type           Power        Failure   Level  Hunger
a - Foxfire               Fire           25 (25)      1%          1    0
b - Flame Tongue          Fire           30 (30)      1%          1    0
c - Olgreb's Toxic Radia  Pois           47 (100)     1%          4    0
d - Ignite Poison         Fire/Tmut      39 (100)     1%          3    0

Your spell library contained the following spells:

 Spells                   Type           Power        Failure   Level  Hunger
 Hailstorm                Ice            17 (100)     10%         4    0
 Throw Icicle             Ice            17 (100)     10%         4    0


Dungeon Overview and Level Annotations

Branches:
Dungeon (5/8)              Temple (0/1) D:4            Lair (0/6) D:5

Altars:
Ashenzari
Dithmenos
Fedhas Madash
Hepliaklqana
Okawaru
Qazlal
Wu Jian


Innate Abilities, Weirdness & Mutations

Your soft flesh is weak to deep cuts.
Heavy manmade armour will nullify this weakness. (rSlashing-)


Message History

The wyvern zombie is severely damaged. (17/44) HP The wyvern zombie bites you (7)!
* * * LOW HITPOINT WARNING * * *
Casting: Flame Tongue (safe; 1% risk of failure)
Confirm with . or Enter, or press ? or * to list all spells.
Aiming: Flame Tongue (safe; 1% risk of failure)
Press: ? - help, Shift-Dir - straight line, f/p - wyvern zombie
Aim: a wyvern zombie (52%, 77% to-hit, severely damaged (17/44), 76% (Melee))
The flame tongue hits the wyvern zombie (5).
The wyvern zombie is severely damaged. (12/44) HP The wyvern zombie barely misses you.
The wyvern zombie bites you (5).
* * * LOW HITPOINT WARNING * * *
Casting: Flame Tongue (safe; 1% risk of failure)
Confirm with . or Enter, or press ? or * to list all spells.
Aiming: Flame Tongue (safe; 1% risk of failure)
Press: ? - help, Shift-Dir - straight line, f/p - wyvern zombie
Aim: a wyvern zombie (52%, 77% to-hit, severely damaged (12/44), 76% (Melee))
The flame tongue misses the wyvern zombie.
The wyvern zombie bites you (11)!
You die...

#...<......# ##
........%.+ ≈#
.%....... ##
.)..... ...†.
.†. #'# #Z#
#######@#
#.....**##
#.####...##
#.###.....######
................
#.#####.########
#.......#
#######.# #.#


You could see a wyvern zombie.

Vanquished Creatures
  Harold (D:5)
  3 yaks (D:5)
  Eustachio (D:2)
  Edmund (D:2)
  2 orc warriors (D:5)
  A phantom (D:4)
  A water moccasin (D:2)
  2 scorpions (D:4)
  3 ogres
  2 black bears
  An eye of draining (D:5)
  6 big kobolds
  Dowan (D:2)
  A centaur (D:5)
  6 killer bees (D:5)
  A quasit (D:5)
  Crazy Yiuf (D:3)
  4 orc priests
  4 hounds
  9 jellies
  9 orc wizards
  A gnoll shaman (D:4)
  An iguana (D:4)
  4 worker ants
  2 wyvern zombies (D:4)
  A wyvern skeleton (D:4)
  8 giant cockroaches
  9 adders
  5 gnolls
  14 sewer rats (D:2)
  9 cinder newts
  7 worms (D:2)
  6 bullfrogs
  A howler monkey zombie (D:3)
  A killer bee zombie (D:5)
  10 oozes
  2 dart slugs
  An adder zombie (D:5)
  6 leopard geckos
  43 orcs
  3 adder skeletons
  2 ball pythons (D:2)
  6 goblins (D:1)
  3 quokkas
  8 bats
  A bat skeleton (D:2)
  A hobgoblin skeleton (D:2)
  28 kobolds
  2 rats (D:1)
  A butterfly (D:4)
246 creatures vanquished.

Vanquished Creatures (collateral kills)
  A withered plant (D:2)
1 creature vanquished.

Vanquished Creatures (others)
  Duvessa (D:2)
  3 sewer rats (D:2)
  A leopard gecko (D:2)
  3 kobolds (D:2)
  A ball python (D:2)
  A bat (D:2)
  A bat skeleton (D:2)
  A kobold skeleton (D:2)
  An orc skeleton (D:2)
  459 foxfires
  2 fungi (D:5)
  5 giant blowflies (D:2)
  2 plants (D:5)
  6 slimeheads (D:2)
  109 withered plants (D:2)
596 creatures vanquished.

Grand Total: 843 creatures vanquished

Notes
Turn   | Place    | Note
-------+----------+-------------------------------------------
     0 | Start Te | pipel the Deep Elf Priest began the quest for the Orb.
     0 | Start Te | Reached XP level 1. HP: 21/21 MP: 5/5
     0 | Start Te | Found a sparkling altar of Nemelex Xobeh.
     1 | Start Te | Found a basalt altar of Yredelemnul.
     1 | Start Te | Found a white marble altar of Elyvilon.
     2 | Start Te | Found an iron altar of Okawaru.
     3 | Start Te | Found a glowing silver altar of Zin.
     3 | Start Te | Found a blossoming altar of Fedhas.
     4 | Start Te | Found a stormy altar of Qazlal.
     5 | Start Te | Became a worshipper of Vehumet
     5 | Start Te | Reached * piety under Vehumet
     5 | Start Te | Offered knowledge of Foxfire by Vehumet.
     5 | Start Te | Offered knowledge of Flame Tongue by Vehumet.
     5 | Start Te | Reached ** piety under Vehumet
    87 | D:1      | Reached skill level 1 in Spellcasting
    91 | D:1      | Learned a level 1 spell: Foxfire
   187 | D:1      | Learned a level 1 spell: Flame Tongue
   290 | D:1      | Reached skill level 2 in Spellcasting
   388 | D:1      | Reached XP level 2. HP: 28/28 MP: 2/7
   588 | D:1      | Reached skill level 3 in Spellcasting
   889 | D:1      | Reached XP level 3. HP: 36/36 MP: 2/10
  1046 | D:2      | Reached skill level 4 in Spellcasting
  1046 | D:2      | Reached skill level 1 in Fire Magic
  1070 | D:2      | Noticed a big kobold
  1074 | D:2      | Reached XP level 4. HP: 43/43 MP: 3/12
  1076 | D:2      | Reached skill level 5 in Spellcasting
  1085 | D:1      | Reached XP level 5. HP: 34/50 MP: 2/15
  1193 | D:2      | Found an ornate altar of the Wu Jian Council.
  1346 | D:2      | Reached skill level 6 in Spellcasting
  1361 | D:2      | Noticed a water moccasin
  1371 | D:2      | Killed a water moccasin
  1371 | D:2      | Reached skill level 7 in Spellcasting
  1371 | D:2      | Reached XP level 6. HP: 15/57 MP: 9/18
  1695 | D:2      | Found a shattered altar of Ashenzari.
  1761 | D:2      | Offered knowledge of Ignite Poison by Vehumet.
  1982 | D:2      | Reached skill level 8 in Spellcasting
  2057 | D:2      | Reached *** piety under Vehumet
  2150 | D:2      | Reached XP level 7. HP: 45/64 MP: 0/20
  2168 | D:2      | Killed Duvessa
  2347 | D:2      | Offered knowledge of Olgreb's Toxic Radiance by Vehumet.
  2353 | D:2      | Learned a level 4 spell: Olgreb's Toxic Radiance
  2363 | D:2      | Learned a level 3 spell: Ignite Poison
  2578 | D:2      | Noticed Dowan
  2581 | D:2      | Killed Dowan
  2581 | D:2      | Reached skill level 9 in Spellcasting
  2639 | D:2      | Noticed Eustachio
  2644 | D:2      | Killed Eustachio
  2720 | D:2      | Found a stormy altar of Qazlal.
  2722 | D:2      | Noticed Edmund
  2976 | D:2      | Reached skill level 10 in Spellcasting
  3003 | D:2      | Reached **** piety under Vehumet
  3003 | D:2      | Reached XP level 8. HP: 28/72 MP: 14/24
  3234 | D:2      | Reached skill level 5 in Fire Magic
  3317 | D:2      | Killed Edmund
  3853 | D:2      | Offered knowledge of Hailstorm by Vehumet.
  3856 | D:2      | Reached skill level 1 in Poison Magic
  4479 | D:3      | Reached skill level 11 in Spellcasting
  4487 | D:3      | Reached skill level 1 in Transmutations
  4557 | D:3      | Reached skill level 1 in Fighting
  5109 | D:3      | Found an iron altar of Okawaru.
  5154 | D:3      | Found a runed translucent door.
  5157 | D:3      | Noticed Crazy Yiuf
  5164 | D:3      | Killed Crazy Yiuf
  5669 | D:3      | Found a blossoming altar of Fedhas.
  5670 | D:3      | Found a shadowy altar of Dithmenos.
  5890 | D:4      | Reached skill level 12 in Spellcasting
  5908 | D:4      | Reached XP level 9. HP: 79/79 MP: 27/27
  6243 | D:4      | Found a hazy altar of Hepliaklqana.
  6416 | D:4      | Reached ***** piety under Vehumet
  6565 | D:4      | Offered knowledge of Throw Icicle by Vehumet.
  6779 | D:4      | Found a staircase to the Ecumenical Temple.
  6849 | D:4      | Reached skill level 13 in Spellcasting
  7173 | D:5      | Entered Level 5 of the Dungeon
  7274 | D:5      | Found a staircase to the Lair.
  7404 | D:5      | Reached skill level 5 in Poison Magic
  7607 | D:5      | Identified the +2 leather armour of Anaesthesia {-Vis rCorr
                  | Stlth+}
  7644 | D:5      | Reached skill level 14 in Spellcasting
  7974 | D:5      | Noticed Harold
  7977 | D:5      | Reached XP level 10. HP: 76/86 MP: 30/30
  7984 | D:5      | Killed Harold
  7998 | D:5      | HP: 1/86 [wyvern zombie (5)]
  7999 | D:5      | Mangled by a wyvern zombie

Illustrated notes

Levels and vault maps discovered:
D:1:      eino_arrival_tree_alley, layout_basic, grunt_decor_mini_mirrors,
          kennysheep_nondescript, lemuel_old_faithful
D:2:      layout_sewer, nicolae_qazlal_general_emergency,
          grunt_temple_overflow_open, uniq_duvessa, uniq_edmund, uniq_eustachio
D:3:      layout_loops_corners, gammafunk_temple_overflow_statue, first_ration,
          blue_anna_alchemist [blue_anna_fruit_fields, blue_anna_fruit_fields],
          okawaru_gym_becter, uniq_crazy_yiuf_cottage
D:4:      layout_stronghold, lemuel_doored_altar, minmay_temple_entry_mini_moons
D:5:      layout_loops_corners, dpeg_oklobed_lair, ebering_ghost_disaster_area,
          evilmike_butchery, uniq_psyche, uniq_harold

Skill      XL: |  1  2  3  4  5  6  7  8  9 10 |
---------------+-------------------------------+-----
Spellcasting   | 2 3 4 5 7 8 10 12 14 | 14.9
Fire Magic     | 1 2 3 4 6 |  6.1
Poison Magic   | 2 5 6 |  6.1
Transmutations | 1 2 |  2.7
Fighting       | 1 |  1.8
Dodging        | 3 |  3.2
Stealth        | |  2.4
Unarmed Combat | |  2.4
Invocations    | |  4.0

Action                   |  1- 3 |  4- 6 |  7- 9 | 10-12 || total
-------------------------+-------+-------+-------+-------++-------
Melee: Unarmed           |    17 |       |     8 |       ||    25
 Fire: Hunting sling     |     6 |       |   103 |       ||   109
 Cast: Foxfire           |    44 |   129 |   112 |     1 ||   286
       Flame Tongue      |     4 |    16 |   105 |    18 ||   143
       Olgreb's Toxic Ra |       |       |    59 |     1 ||    60
       Ignite Poison     |       |       |    30 |     1 ||    31
  Use: Potion            |       |       |       |     1 ||     1
  Eat: Chunk             |     1 |     3 |    19 |       ||    23
Armor: Robe              |       |    10 |    18 |     1 ||    29
Dodge: Dodged            |     3 |    15 |    29 |     5 ||    52
